 Dungeon Crawl Stone Soup version 0.30-a0-223-gcb0039aa0c (webtiles) character file.

Game seed: 3527802025657024944

53642 qw the Severer (level 14, -24/90 HPs)
             Began as a Gargoyle Fighter on Oct 9, 2022.
             Was a High Priest of Okawaru.
             Annihilated by an ice devil (28 damage)
             ... on level 5 of the Lair of Beasts.
             The game lasted 00:06:29 (14512 turns).

qw the Severer (Gargoyle Fighter)                  Turns: 14512, Time: 00:06:29

Health: -24/90     AC: 30    Str: 23    XL:     14   Next: 69%
Magic:  21/21      EV: 13    Int:  9    God:    Okawaru [*****.]
Gold:   891        SH: 20    Dex: 19    Spells: 13/13 levels left

rFire   + + .      SeeInvis +    m - +1 broad axe (holy)
rCold   x . .      Faith    .    p - +0 kite shield
rNeg    + . .      Spirit   .    s - +0 chain mail
rPois   inf        Reflect  +    c - +2 helmet
rElec   +          Harm     .    b - scarf {repulsion}
rCorr   .          Rampage  .    (no gloves)
Will    ++...                    g - +2 pair of boots
Stlth   ..........               w - amulet of reflection
HPRegen 0.35/turn                q - +6 ring of dexterity
MPRegen 0.17/turn                n - ring of Fanuommi {Fly rPois rF++ rC-}

@: about to teleport, heroic, flying, repel missiles
A: sickness immunity, AC +10, big wings, negative energy resistance 1,
electricity resistance, torment resistance 1, petrification resistance, see
invisible, agile 1, strong-willed 1
a: Renounce Religion, Heroism, Finesse, Duel


You were on level 5 of the Lair of Beasts.
You worshipped Okawaru.
Okawaru was extremely pleased with you.
You visited 3 branches of the dungeon, and saw 14 of its levels.
You also visited: Ossuary.

You collected 891 gold pieces.


Innate Abilities, Weirdness & Mutations

You are immune to sickness and miasma.
Your stone body is resilient. (AC +10)
You are immune to poison.
Your large and strong wings let you fly.
You resist negative energy. (rN+)
You are resistant to electric shocks. (rElec)
You are resistant to unholy torment.
You are immune to petrification.
You have supernaturally acute eyesight. (SInv)
You are agile. (Dex +4, Str/Int -1)
You are strong-willed. (Will+)


   Skills:
 + Level 11.3(16.3) Fighting
 - Level 15.0(20.0) Axes
 - Level 2.0(7.0) Throwing
 - Level 9.0(14.0) Armour
 - Level 5.0(10.0) Dodging
 - Level 12.1(17.1) Shields
 - Level 10.0 Invocations


You had 13 spell levels left.
You didn't know any spells.
Your spell library was empty.

Inventory:

Hand Weapons
 m - a +1 broad axe of holy wrath (weapon)
 v - a +4 flail
Missiles
 y - 11 boomerangs (quivered)
Armour
 b - a scarf of repulsion (worn)
 c - a +2 helmet (worn)
 g - a +2 pair of boots (worn)
 h - a +2 cloak of poison resistance
 p - a +0 kite shield (worn)
 r - a +0 ring mail of fire resistance
 s - a +0 chain mail (worn)
 x - a +2 pair of gloves of strength
Jewellery
 n - the ring of Fanuommi (right hand) {Fly rPois rF++ rC-}
   (You found it on level 3 of the Lair of Beasts)

   [ring of flight]

   rF:        It greatly protects you from fire.
   rC:        It makes you vulnerable to cold.
   rPois:     It protects you from poison.
   Fly:       It grants you flight.
 o - a ring of positive energy
 q - a +6 ring of dexterity (left hand)
 w - an amulet of reflection (around neck)
Scrolls
 a - a scroll of fear {unknown}
 j - 4 scrolls of identify
 k - 3 scrolls of teleportation
Potions
 d - 5 potions of might
 e - 10 potions of curing
 f - 4 potions of attraction
 i - 2 potions of resistance
 l - a potion of cancellation
 t - 2 potions of lignification
 u - 4 potions of mutation

Dungeon Overview and Level Annotations

Branches:
Dungeon (8/15)             Temple (1/1) D:4            Lair (5/5) D:8
  Swamp (0/4) Lair:3        Snake (0/4) Lair:3        Slime (0/5) Lair:5
Ossuary (visited)

Altars:
Ashenzari
Cheibriados
Dithmenos
Elyvilon
Fedhas
Gozag
Hepliaklqana
Kikubaaqudgha
Makhleb
Nemelex Xobeh
Okawaru
Qazlal
Ru
Sif Muna
Uskayaw
Vehumet
Wu Jian
Xom
Yredelemnul
Zin
The Shining One
Jiyva

Shops:
D:1 [

Annotations:
D:4 1 runed translucent door, qw's ghost, novice GrFi
Lair:5 1 runed translucent door


Message History

The sixfirhy is moderately wounded.
You closely miss the sixfirhy.
The sixfirhy is moderately wounded.
You closely miss the sixfirhy.
The sixfirhy is moderately wounded.
You block the sixfirhy's attack.
The sixfirhy hits you but does no damage.
You slash the sixfirhy!
The sixfirhy convulses.
The sixfirhy is heavily wounded.
You block the sixfirhy's attack. The sixfirhy barely misses you.
The sixfirhy hits you but does no damage.
You barely miss the sixfirhy.
The sixfirhy is heavily wounded.
The sixfirhy hits you but does no damage.
You block the sixfirhy's attack. The sixfirhy hits you!
The sixfirhy shocks you. You resist.
You closely miss the sixfirhy.
The sixfirhy is heavily wounded.
An ice devil comes into view.
You miss the sixfirhy.
The sixfirhy is heavily wounded.
A smoke demon comes into view.
You miss the sixfirhy.
The sixfirhy is heavily wounded.
The smoke demon gestures at you. Something smites you!
14509 ||| READING 4 scrolls of teleportation.
As you read the scroll of teleportation, it crumbles to dust.
You feel strangely unstable.
You block the sixfirhy's attack. x3; The sixfirhy hits you.
The sixfirhy shocks you. You resist.
You slash the sixfirhy!
The sixfirhy convulses!
The sixfirhy is severely wounded.
You block the sixfirhy's attack. x2; The sixfirhy closely misses you.
You slash the sixfirhy!
You kill the sixfirhy!
Okawaru accepts your kill. The ice devil closely misses you.
You block the orange demon's attack. The ice devil hits you.
The ice devil freezes you!!
You feel a terrible chill!
You die...

# ¤~ #############¤¤¤~
#........#...¤.¤~ 7
#...8.8..#4h..¤¤. 7
#..8.#...@44.3_.. 7
#...8.#..#44..... 7
#..#.8.).#4......
#...#.8..###############
#..8.8...'.............#
#........#...8....8....#
77777+#########.............#
77.77.777 ######''#######
77....%..777 7.....7


You could see 2 orange demons, 4 ice devils, a smoke demon and a hell hound.

Vanquished Creatures
  Nessos (Lair:4)
  2 dire elephants (Lair:5)
  6 hydras
  10 death yaks (Lair:5)
  A sixfirhy (Lair:5)
  A lindwurm (Lair:3)
  2 bog bodies (Lair:3)
  30 elephants
  6 black mambas
  9 cane toads
  A torpor snail (Lair:1)
  16 komodo dragons
  10 rime drakes
  3 polar bears
  19 blink frogs
  Grinder (D:3)
  7 dream sheep
  24 yaks
  5 wyverns
  2 humans (D:8)
  3 basilisks
  4 steam dragons
  A swamp worm (Lair:3)
  2 hell hounds (Lair:5)
  16 water moccasins
  2 orc warriors
  A sky beast (D:7)
  4 ice beasts
  2 black bears
  14 wolves
  An ogre (D:6)
  A phantom (D:5)
  4 centaurs
  3 kobold brigands (D:8)
  A gnoll sergeant (D:5)
  12 bullfrogs
  A scorpion (D:8)
  6 killer bees (D:7)
  2 electric eels
  3 centaur zombies (Ossuary)
  8 hounds
  A jelly (D:7)
  4 orc priests
  A gnoll bouda (D:6)
  8 iguanas
  Natasha (thrice) (D:2)
  4 orc wizards
  2 mummies (Ossuary)
  9 adders
  13 gnolls
  A shadow imp (D:6)
  A white imp (D:7)
  2 ufetubi
  2 adder zombies (Ossuary)
  2 worms (D:2)
  A dart slug (D:3)
  24 orcs
  6 bats
  6 endoplasms
  6 giant cockroaches
  7 goblins
  8 hobgoblins
  6 jackals
  2 quokkas
  A ball python (D:3)
  3 frilled lizards
  2 goblin zombies
  13 hobgoblin zombies (Ossuary)
  2 jackal zombies (Ossuary)
  22 kobolds
  8 kobold zombies (Ossuary)
  7 orc zombies (Ossuary)
  A quokka zombie (D:4)
  4 rats
  A rat zombie (Ossuary)
430 creatures vanquished.

Vanquished Creatures (others)
  A wizard (Lair:5)
  A blink frog (Lair:4)
  40 fungi
  34 plants
76 creatures vanquished.

Grand Total: 506 creatures vanquished

Notes
Turn   | Place    | Note
-------+----------+-------------------------------------------
     0 | D:1      | qw the Gargoyle Fighter began the quest for the Orb.
     0 | D:1      | Reached XP level 1. HP: 14/14 MP: 1/1
     0 | D:1      | 0 ||| qw: Version: 0.2-a-17-g06abaee
     0 | D:1      | 0 ||| qw: Game counter: 2129
     0 | D:1      | 0 ||| qw: Always use a shield: true
     0 | D:1      | 0 ||| qw: God list: Okawaru
     0 | D:1      | 0 ||| qw: Allow faded altars: false
     0 | D:1      | 0 ||| qw: Do Orc after D:15 true
     0 | D:1      | 0 ||| qw: Do second Lair branch before Depths: true
     0 | D:1      | 0 ||| qw: Lair rune preference: random
     0 | D:1      | 0 ||| qw: Plans: Normal, Zot:1-4, God:TSO, Crypt, Tomb,
                  | Pan, Slime:5, Hells, Abyss, Orb
     0 | D:1      | 0 ||| PLANNING D:1-11
    32 | D:1      | Reached skill level 2 in Axes
    45 | D:1      | 45 ||| Stepping ~*~*~tactically~*~*~ (stealth).
    49 | D:1      | 49 ||| Stepping ~*~*~tactically~*~*~ (stealth).
    55 | D:1      | 55 ||| Stepping ~*~*~tactically~*~*~ (stealth).
    86 | D:1      | Reached XP level 2. HP: 19/19 MP: 2/2
   297 | D:1      | Found Sabenugu's Antique Armour Boutique.
   312 | D:1      | 312 ||| SHOPLISTING chain mail (99 gold, have 0).
   312 | D:1      | 312 ||| SHOPLISTING glowing scale mail (154 gold, have 0).
   346 | D:1      | Found a faded altar of an unknown god.
   478 | D:1      | 478 ||| UPGRADING to ring of see invisible.
   479 | D:1      | 479 ||| READING scroll labelled OGACRI USSI.
   480 | D:1      | 480 ||| READING scroll labelled OFRUIN MENORR.
   481 | D:1      | 481 ||| READING scroll labelled EZAXUC ULEGURGH.
   482 | D:1      | 482 ||| READING scroll labelled WOXTYPPAYN.
   497 | D:2      | Noticed Natasha
   504 | D:2      | Killed Natasha
   505 | D:2      | Reached skill level 3 in Axes
   505 | D:2      | Reached XP level 3. HP: 23/23 MP: 3/3
   529 | D:2      | 529 ||| Stepping ~*~*~tactically~*~*~ (hiding).
   532 | D:2      | 532 ||| Stepping ~*~*~tactically~*~*~ (hiding).
   535 | D:2      | Reached skill level 4 in Axes
   535 | D:2      | Reached XP level 4. HP: 18/28 MP: 4/4
   581 | D:2      | 581 ||| Stepping ~*~*~tactically~*~*~ (stealth).
   592 | D:2      | 592 ||| Stepping ~*~*~tactically~*~*~ (stealth).
   601 | D:2      | 601 ||| Stepping ~*~*~tactically~*~*~ (stealth).
   604 | D:2      | 604 ||| DROPPING +0 club.
   605 | D:2      | 605 ||| Stepping ~*~*~tactically~*~*~ (stealth).
   611 | D:2      | Reached XP level 5. HP: 32/32 MP: 5/5
   623 | D:2      | 623 ||| Stepping ~*~*~tactically~*~*~ (stealth).
   642 | D:2      | 642 ||| READING 3 scrolls labelled NIYDAF UDIFU.
   643 | D:2      | 643 ||| READING 2 scrolls of enchant weapon.
   643 | D:2      | 643 ||| ENCHANTING +1 war axe of electrocution.
   644 | D:2      | 644 ||| READING scroll of enchant weapon.
   644 | D:2      | 644 ||| ENCHANTING +2 war axe of electrocution.
   661 | D:2      | Noticed Natasha
   662 | D:2      | 662 ||| Stepping ~*~*~tactically~*~*~ (hiding).
   663 | D:2      | 663 ||| Stepping ~*~*~tactically~*~*~ (hiding).
   669 | D:2      | Killed Natasha
   701 | D:2      | Reached skill level 5 in Axes
   814 | D:2      | Noticed Natasha
   820 | D:2      | Killed Natasha
   973 | D:2      | 973 ||| Stepping ~*~*~tactically~*~*~ (stealth).
  1016 | D:2      | 1016 ||| DROPPING orb of energy.
  1017 | D:2      | 1017 ||| READING scroll labelled QIOXTUPIYL.
  1018 | D:2      | 1018 ||| READING scroll labelled EWOXTA PUNNI.
  1019 | D:2      | 1019 ||| DRINKING 2 fuming white potions.
  1049 | D:3      | Identified the +1 ring mail of the Jackalope {Rampage Str+5
                  | Dex-2}
  1105 | D:3      | 1105 ||| Stepping ~*~*~tactically~*~*~ (stealth).
  1128 | D:3      | 1128 ||| READING scroll of enchant weapon.
  1128 | D:3      | 1128 ||| ENCHANTING +3 war axe of electrocution.
  1186 | D:3      | Noticed Grinder
  1187 | D:3      | 1187 ||| Stepping ~*~*~tactically~*~*~ (stealth).
  1190 | D:3      | 1190 ||| Stepping ~*~*~tactically~*~*~ (stealth).
  1198 | D:3      | Paralysed by Grinder for 5 turns
  1204 | D:3      | Killed Grinder
  1205 | D:3      | Reached XP level 6. HP: 27/38 MP: 6/6
  1389 | D:3      | 1389 ||| DROPPING +0 mace.
  1650 | D:3      | Reached XP level 7. HP: 43/43 MP: 7/7
  1686 | D:3      | 1686 ||| UPGRADING to +1 ring mail of the Jackalope
                  | {Rampage Str+5 Dex-2}.
  1696 | D:3      | 1696 ||| DROPPING +0 scale mail.
  1697 | D:3      | 1697 ||| DROPPING ring of flight.
  1698 | D:3      | 1698 ||| DRINKING 2 fuming dark potions.
  1699 | D:3      | 1699 ||| DROPPING potion of degeneration.
  1753 | D:4      | 1753 ||| PLANNING OSSUARY
  1801 | D:4      | Found a runed translucent door.
  1801 | D:4      | Noticed qw's ghost (novice GrFi)
  1838 | D:4      | 1838 ||| Stepping ~*~*~tactically~*~*~ (stealth).
  2048 | D:4      | Found a staircase to the Ecumenical Temple.
  2072 | D:4      | 2072 ||| Stepping ~*~*~tactically~*~*~ (stealth).
  2074 | D:4      | 2074 ||| Stepping ~*~*~tactically~*~*~ (stealth).
  2079 | D:4      | Reached skill level 1 in Throwing
  2110 | D:4      | 2110 ||| Stepping ~*~*~tactically~*~*~ (hiding).
  2160 | D:4      | Found a sand-covered staircase.
  2161 | D:4      | 2161 ||| UPGRADING to scarf of repulsion.
  2166 | D:4      | 2166 ||| UPGRADING to +2 pair of boots.
  2171 | D:4      | 2171 ||| UPGRADING to +0 chain mail.
  2181 | D:4      | 2181 ||| DROPPING +1 ring mail of the Jackalope {Rampage
                  | Str+5 Dex-2}.
  2182 | D:4      | 2182 ||| READING scroll labelled GURAAS MEH GIU.
  2195 | Ossuary  | Entered an ossuary
  2274 | Ossuary  | 2274 ||| Stepping ~*~*~tactically~*~*~ (stealth).
  2283 | Ossuary  | Reached skill level 6 in Axes
  2555 | Ossuary  | 2555 ||| READING 2 scrolls labelled NUFUVVI SEXTUKHIHE.
  2560 | Ossuary  | 2560 ||| DRINKING 2 white potions.
  2561 | Ossuary  | 2561 ||| DRINKING 2 fuming emerald potions.
  2561 | Ossuary  | Gained mutation: Your flesh is heat resistant. (rF+)
                  | [potion of mutation]
  2561 | Ossuary  | Gained mutation: You are agile. (Dex +4, Str/Int -1)
                  | [potion of mutation]
  2561 | Ossuary  | Gained mutation: You occasionally lose the ability to drink
                  | potions when taking damage. [potion of mutation]
  2562 | Ossuary  | 2562 ||| DRINKING potion of mutation.
  2562 | Ossuary  | Lost mutation: You occasionally lose the ability to drink
                  | potions when taking damage. [potion of mutation]
  2562 | Ossuary  | Lost mutation: Your flesh is heat resistant. (rF+) [potion
                  | of mutation]
  2562 | Ossuary  | Gained mutation: You are strong-willed. (Will+) [potion of
                  | mutation]
  2562 | Ossuary  | Gained mutation: You have supernaturally acute eyesight.
                  | (SInv) [potion of mutation]
  2563 | Ossuary  | 2563 ||| REMOVING ring of see invisible.
  2564 | Ossuary  | 2564 ||| DROPPING ring of see invisible.
  2565 | Ossuary  | 2565 ||| DRINKING 3 dark potions.
  2566 | Ossuary  | 2566 ||| DROPPING 2 potions of invisibility.
  2573 | D:4      | 2573 ||| PLANNING TEMPLE
  2613 | Temple   | Entered the Ecumenical Temple
  2769 | Temple   | 2769 ||| PLANNING D:1-11
  3042 | D:5      | Entered Level 5 of the Dungeon
  3053 | D:5      | 3053 ||| Stepping ~*~*~tactically~*~*~ (hiding).
  3054 | D:5      | 3054 ||| Stepping ~*~*~tactically~*~*~ (hiding).
  3060 | D:5      | Reached skill level 7 in Axes
  3060 | D:5      | Reached XP level 8. HP: 48/48 MP: 8/8
  3468 | D:5      | 3468 ||| Stepping ~*~*~tactically~*~*~ (stealth).
  3469 | D:5      | 3469 ||| Stepping ~*~*~tactically~*~*~ (stealth).
  3495 | D:5      | 3495 ||| Stepping ~*~*~tactically~*~*~ (stealth).
  3496 | D:5      | 3496 ||| Stepping ~*~*~tactically~*~*~ (stealth).
  3760 | D:5      | 3760 ||| Stepping ~*~*~tactically~*~*~ (stealth).
  3762 | D:5      | 3762 ||| Stepping ~*~*~tactically~*~*~ (hiding).
  3822 | D:5      | 3822 ||| DROPPING +0 flail.
  4200 | D:5      | 4200 ||| UPGRADING to +0 kite shield.
  4210 | D:5      | 4210 ||| DROPPING +0 buckler.
  4211 | D:5      | 4211 ||| UPGRADING to ring of positive energy.
  4212 | D:5      | 4212 ||| READING scroll labelled MIRITU SIJA.
  4213 | D:5      | 4213 ||| DRINKING 3 silvery potions.
  4214 | D:5      | 4214 ||| READING 3 scrolls of identify.
  4214 | D:5      | 4214 ||| IDENTIFYING sedimented red potion
  4215 | D:5      | 4215 ||| READING 2 scrolls of identify.
  4215 | D:5      | 4215 ||| IDENTIFYING metallic emerald potion
  4216 | D:5      | 4216 ||| DROPPING potion of magic.
  4217 | D:5      | 4217 ||| DROPPING potion of brilliance.
  4270 | D:6      | Noticed a komodo dragon
  4277 | D:6      | HP: 11/50 [komodo dragon (24)]
  4278 | D:6      | 4278 ||| READING 2 scrolls of teleportation.
  4279 | D:6      | 4279 ||| DRINKING 2 potions of heal wounds.
  4282 | D:6      | Killed a komodo dragon
  4364 | D:6      | 4364 ||| Stepping ~*~*~tactically~*~*~ (stealth).
  4390 | D:6      | Reached skill level 6 in Shields
  4390 | D:6      | Reached XP level 9. HP: 54/54 MP: 9/9
  4698 | D:6      | 4698 ||| Stepping ~*~*~tactically~*~*~ (stealth).
  4708 | D:6      | 4708 ||| Stepping ~*~*~tactically~*~*~ (hiding).
  4710 | D:6      | 4710 ||| Stepping ~*~*~tactically~*~*~ (hiding).
  4712 | D:6      | 4712 ||| Stepping ~*~*~tactically~*~*~ (hiding).
  4714 | D:6      | 4714 ||| Stepping ~*~*~tactically~*~*~ (hiding).
  4715 | D:6      | 4715 ||| Stepping ~*~*~tactically~*~*~ (hiding).
  4835 | D:6      | Reached skill level 8 in Axes
  5112 | D:6      | Reached skill level 6 in Fighting
  5203 | D:6      | 5203 ||| UPGRADING to +1 helmet.
  5208 | D:6      | 5208 ||| DROPPING +6 ring of intelligence.
  5287 | D:7      | 5287 ||| Stepping ~*~*~tactically~*~*~ (hiding).
  5301 | D:7      | 5301 ||| Stepping ~*~*~tactically~*~*~ (stealth).
  5306 | D:7      | 5306 ||| Stepping ~*~*~tactically~*~*~ (stealth).
  5308 | D:7      | 5308 ||| Stepping ~*~*~tactically~*~*~ (stealth).
  5341 | D:7      | 5341 ||| READING scroll of enchant weapon.
  5341 | D:7      | 5341 ||| ENCHANTING +4 war axe of electrocution.
  5345 | D:7      | 5345 ||| Stepping ~*~*~tactically~*~*~ (hiding).
  5354 | D:7      | 5354 ||| FLEEEEING.
  5362 | D:7      | HP: 7/55 [steam dragon/ball of steam (18)]
  5363 | D:7      | 5363 ||| READING scroll of teleportation.
  5364 | D:7      | 5364 ||| DRINKING potion of heal wounds.
  5367 | D:7      | HP: 7/55 [something (12)]
  5368 | D:7      | 5368 ||| STAIRDANCE
  5609 | D:7      | 5609 ||| Stepping ~*~*~tactically~*~*~ (hiding).
  5610 | D:7      | 5610 ||| Stepping ~*~*~tactically~*~*~ (hiding).
  5807 | D:7      | 5807 ||| Stepping ~*~*~tactically~*~*~ (stealth).
  5813 | D:7      | 5813 ||| Stepping ~*~*~tactically~*~*~ (stealth).
  5858 | D:7      | 5858 ||| Stepping ~*~*~tactically~*~*~ (stealth).
  5866 | D:7      | Reached skill level 9 in Axes
  5875 | D:7      | Reached XP level 10. HP: 39/61 MP: 10/10
  6033 | D:7      | 6033 ||| READING 2 scrolls of identify.
  6033 | D:7      | 6033 ||| IDENTIFYING clear potion
  6034 | D:7      | 6034 ||| DROPPING potion of flight.
  6079 | D:8      | Found an iron altar of Okawaru.
  6080 | D:8      | 6080 ||| PLANNING OKAWARU WORSHIP
  6115 | D:8      | Became a worshipper of Warmaster Okawaru
  6116 | D:8      | 6116 ||| PLANNING D:1-11
  6238 | D:8      | 6238 ||| Stepping ~*~*~tactically~*~*~ (stealth).
  6242 | D:8      | 6242 ||| Stepping ~*~*~tactically~*~*~ (stealth).
  6244 | D:8      | 6244 ||| Stepping ~*~*~tactically~*~*~ (stealth).
  6365 | D:8      | 6365 ||| Stepping ~*~*~tactically~*~*~ (stealth).
  6381 | D:8      | HP: 13/63 [orc/+0 hand axe (4)]
  6382 | D:8      | 6382 ||| READING 2 scrolls of teleportation.
  6415 | D:8      | 6415 ||| Stepping ~*~*~tactically~*~*~ (stealth).
  6703 | D:8      | HP: 12/63 [orc priest/divine providence (14)]
  6704 | D:8      | 6704 ||| READING scroll of teleportation.
  6711 | D:8      | 6711 ||| Stepping ~*~*~tactically~*~*~ (stealth).
  6712 | D:8      | 6712 ||| Stepping ~*~*~tactically~*~*~ (stealth).
  6713 | D:8      | 6713 ||| Stepping ~*~*~tactically~*~*~ (stealth).
  7042 | D:8      | 7042 ||| Stepping ~*~*~tactically~*~*~ (hiding).
  7052 | D:8      | Reached * piety under Okawaru
  7053 | D:8      | Reached skill level 9 in Shields
  7053 | D:8      | 7053 ||| Stepping ~*~*~tactically~*~*~ (cloud).
  7153 | D:8      | 7153 ||| Stepping ~*~*~tactically~*~*~ (stealth).
  7156 | D:8      | 7156 ||| Stepping ~*~*~tactically~*~*~ (stealth).
  7193 | D:8      | Found a staircase to the Lair.
  7194 | D:8      | 7194 ||| INVOKING Heroism.
  7200 | D:8      | Reached skill level 1 in Invocations
  7429 | D:8      | 7429 ||| PLANNING LAIR
  7467 | Lair:1   | Entered Level 1 of the Lair of Beasts
  7484 | Lair:1   | Noticed a torpor snail
  7485 | Lair:1   | 7485 ||| INVOKING Heroism.
  7488 | Lair:1   | Killed a torpor snail
  7489 | Lair:1   | Reached skill level 3 in Invocations
  7510 | Lair:1   | 7510 ||| INVOKING Heroism.
  7516 | Lair:1   | Reached ** piety under Okawaru
  7584 | Lair:1   | 7584 ||| INVOKING Heroism.
  7589 | Lair:1   | Reached skill level 10 in Axes
  7590 | Lair:1   | 7590 ||| Stepping ~*~*~tactically~*~*~ (stealth).
  7643 | Lair:1   | 7643 ||| INVOKING Heroism.
  7651 | Lair:1   | Reached XP level 11. HP: 68/68 MP: 11/14
  7683 | Lair:1   | 7683 ||| Stepping ~*~*~tactically~*~*~ (stealth).
  7687 | Lair:1   | 7687 ||| INVOKING Heroism.
  7707 | Lair:1   | Reached skill level 6 in Armour
  7726 | Lair:1   | 7726 ||| READING scroll of enchant weapon.
  7726 | Lair:1   | 7726 ||| ENCHANTING +5 war axe of electrocution.
  7837 | Lair:1   | 7837 ||| INVOKING Heroism.
  7959 | Lair:1   | 7959 ||| INVOKING Heroism.
  7983 | Lair:1   | 7983 ||| Stepping ~*~*~tactically~*~*~ (stealth).
  7984 | Lair:1   | 7984 ||| Stepping ~*~*~tactically~*~*~ (stealth).
  8006 | Lair:1   | 8006 ||| Stepping ~*~*~tactically~*~*~ (hiding).
  8015 | Lair:1   | Reached *** piety under Okawaru
  8022 | Lair:1   | 8022 ||| Stepping ~*~*~tactically~*~*~ (stealth).
  8046 | Lair:1   | 8046 ||| Stepping ~*~*~tactically~*~*~ (hiding).
  8098 | Lair:1   | Found a frozen archway.
  8193 | Lair:1   | 8193 ||| INVOKING Heroism.
  8223 | Lair:1   | 8223 ||| INVOKING Heroism.
  8230 | Lair:1   | Reached skill level 11 in Axes
  8230 | Lair:1   | 8230 ||| Stepping ~*~*~tactically~*~*~ (cloud).
  8232 | Lair:1   | 8232 ||| Stepping ~*~*~tactically~*~*~ (cloud).
  8320 | Lair:1   | 8320 ||| INVOKING Heroism.
  8322 | Lair:1   | 8322 ||| Stepping ~*~*~tactically~*~*~ (stealth).
  8326 | Lair:1   | 8326 ||| Stepping ~*~*~tactically~*~*~ (stealth).
  8510 | Lair:1   | 8510 ||| INVOKING Heroism.
  8626 | Lair:1   | 8626 ||| INVOKING Heroism.
  8640 | Lair:1   | Reached **** piety under Okawaru
  8642 | Lair:1   | Reached skill level 9 in Fighting
  8774 | Lair:1   | 8774 ||| READING scroll labelled UTHREE DEUPOURPH.
  8775 | Lair:1   | 8775 ||| READING 3 scrolls of identify.
  8775 | Lair:1   | 8775 ||| IDENTIFYING emerald potion
  8840 | Lair:2   | 8840 ||| INVOKING Heroism.
  8918 | Lair:2   | 8918 ||| INVOKING Heroism.
  8957 | Lair:2   | Reached skill level 6 in Invocations
  8963 | Lair:2   | Reached ***** piety under Okawaru
  8964 | Lair:2   | Reached XP level 12. HP: 65/76 MP: 16/16
  9052 | Lair:2   | 9052 ||| INVOKING Heroism.
  9110 | Lair:2   | 9110 ||| Stepping ~*~*~tactically~*~*~ (water).
  9226 | Lair:2   | 9226 ||| Stepping ~*~*~tactically~*~*~ (stealth).
  9228 | Lair:2   | 9228 ||| INVOKING Heroism.
  9324 | Lair:2   | 9324 ||| READING scroll of enchant weapon.
  9324 | Lair:2   | 9324 ||| ENCHANTING +6 war axe of electrocution.
  9458 | Lair:2   | 9458 ||| INVOKING Heroism.
  9732 | Lair:2   | 9732 ||| READING scroll labelled KOASIDGH BYPH.
  9733 | Lair:2   | 9733 ||| READING scroll labelled IHINWEYMAG.
  9775 | Lair:2   | 9775 ||| READING 2 scrolls of identify.
  9775 | Lair:2   | 9775 ||| IDENTIFYING orange potion
  9793 | Lair:3   | 9793 ||| STAIRDANCE
  9848 | Lair:3   | 9848 ||| STAIRDANCE
  9879 | Lair:3   | Reached skill level 12 in Axes
  9912 | Lair:3   | Found a staircase to the Snake Pit.
  9933 | Lair:3   | Identified the ring of Fanuommi {Fly rPois rF++ rC-}
  9945 | Lair:3   | 9945 ||| INVOKING Heroism.
 10083 | Lair:3   | 10083 ||| INVOKING Heroism.
 10222 | Lair:3   | Noticed a five-headed hydra
 10223 | Lair:3   | 10223 ||| INVOKING Heroism.
 10224 | Lair:3   | 10224 ||| INVOKING Finesse.
 10226 | Lair:3   | 10226 ||| SWAPPING to +4 flail.
 10237 | Lair:3   | Killed a five-headed hydra
 10238 | Lair:3   | 10238 ||| SWAPPING to +7 war axe of electrocution.
 10327 | Lair:3   | Identified the +0 robe of Winter {rC+ Stlth+} (Okawaru
                  | gifted it to you on level 3 of the Lair of Beasts)
 10327 | Lair:3   | Received a gift from Okawaru
 10328 | Lair:3   | Reached skill level 3 in Dodging
 10393 | Lair:3   | 10393 ||| INVOKING Heroism.
 10405 | Lair:3   | Reached skill level 9 in Invocations
 10493 | Lair:3   | 10493 ||| Stepping ~*~*~tactically~*~*~ (hiding).
 10498 | Lair:3   | 10498 ||| INVOKING Heroism.
 10618 | Lair:3   | 10618 ||| INVOKING Heroism.
 10641 | Lair:3   | Found a staircase to the Swamp.
 10642 | Lair:3   | 10642 ||| Stepping ~*~*~tactically~*~*~ (hiding).
 10701 | Lair:3   | 10701 ||| INVOKING Heroism.
 10726 | Lair:3   | Reached XP level 13. HP: 71/82 MP: 20/20
 10964 | Lair:3   | 10964 ||| UPGRADING to ring of Fanuommi {Fly rPois rF++
                  | rC-}.
 10965 | Lair:3   | 10965 ||| READING scroll labelled ANIROGH HOARPH.
 10965 | Lair:3   | Identified a scroll of acquirement
 10965 | Lair:3   | 10965 ||| ACQUIRING +1 broad axe of holy wrath
 10965 | Lair:3   | Acquired a +1 broad axe of holy wrath
 10967 | Lair:3   | 10967 ||| READING scroll labelled SIOK IS WUZXAI.
 11109 | Lair:4   | 11109 ||| Stepping ~*~*~tactically~*~*~ (stealth).
 11110 | Lair:4   | 11110 ||| INVOKING Heroism.
 11111 | Lair:4   | 11111 ||| Stepping ~*~*~tactically~*~*~ (stealth).
 11238 | Lair:4   | 11238 ||| Stepping ~*~*~tactically~*~*~ (stealth).
 11239 | Lair:4   | 11239 ||| INVOKING Heroism.
 11241 | Lair:4   | Noticed Nessos
 11242 | Lair:4   | 11242 ||| INVOKING Finesse.
 11246 | Lair:4   | 11246 ||| Stepping ~*~*~tactically~*~*~ (hiding).
 11249 | Lair:4   | 11249 ||| Stepping ~*~*~tactically~*~*~ (hiding).
 11251 | Lair:4   | 11251 ||| Stepping ~*~*~tactically~*~*~ (hiding).
 11278 | Lair:4   | Killed Nessos
 11386 | Lair:4   | 11386 ||| INVOKING Heroism.
 11388 | Lair:4   | 11388 ||| INVOKING Finesse.
 11391 | Lair:4   | 11391 ||| SWAPPING to +4 flail.
 11400 | Lair:4   | 11400 ||| SWAPPING to +7 war axe of electrocution.
 11681 | Lair:4   | 11681 ||| INVOKING Heroism.
 11884 | Lair:4   | 11884 ||| UPGRADING to amulet of reflection.
 11889 | Lair:4   | 11889 ||| UPGRADING to +6 ring of dexterity.
 11891 | Lair:4   | 11891 ||| READING 2 scrolls labelled WYUMIA FIJUDA.
 11892 | Lair:4   | 11892 ||| DROPPING scroll of fog.
 11915 | Lair:5   | Entered Level 5 of the Lair of Beasts
 11916 | Lair:5   | 11916 ||| STAIRDANCE
 11925 | Lair:5   | 11925 ||| STAIRDANCE
 11927 | Lair:4   | 11927 ||| INVOKING Heroism.
 11928 | Lair:4   | 11928 ||| SWAPPING to +4 flail.
 11929 | Lair:4   | 11929 ||| INVOKING Finesse.
 11930 | Lair:4   | 11930 ||| Stepping ~*~*~tactically~*~*~ (outnumbered).
 11931 | Lair:4   | 11931 ||| Stepping ~*~*~tactically~*~*~ (outnumbered).
 11935 | Lair:4   | 11935 ||| SWAPPING to +7 war axe of electrocution.
 11938 | Lair:4   | Reached skill level 13 in Axes
 11939 | Lair:4   | 11939 ||| SWAPPING to +4 flail.
 11947 | Lair:4   | 11947 ||| FLEEEEING.
 11948 | Lair:4   | 11948 ||| SWAPPING to +7 war axe of electrocution.
 11953 | Lair:4   | HP: 12/82 [elephant (12)]
 11954 | Lair:4   | 11954 ||| READING 4 scrolls of teleportation.
 11955 | Lair:4   | 11955 ||| DRINKING 3 potions of heal wounds.
 12112 | Lair:5   | 12112 ||| STAIRDANCE
 12114 | Lair:4   | 12114 ||| INVOKING Heroism.
 12129 | Lair:5   | 12129 ||| STAIRDANCE
 12131 | Lair:4   | Received a gift from Okawaru
 12191 | Lair:5   | 12191 ||| STAIRDANCE
 12199 | Lair:5   | 12199 ||| STAIRDANCE
 12206 | Lair:4   | 12206 ||| INVOKING Heroism.
 12316 | Lair:5   | 12316 ||| INVOKING Heroism.
 12318 | Lair:5   | 12318 ||| STAIRDANCE
 12329 | Lair:5   | 12329 ||| STAIRDANCE
 12379 | Lair:5   | 12379 ||| STAIRDANCE
 12381 | Lair:4   | 12381 ||| INVOKING Heroism.
 12419 | Lair:5   | 12419 ||| Stepping ~*~*~tactically~*~*~ (hiding).
 12461 | Lair:5   | 12461 ||| INVOKING Heroism.
 12481 | Lair:5   | Noticed a dire elephant
 12495 | Lair:5   | Killed a dire elephant
 12520 | Lair:5   | 12520 ||| Stepping ~*~*~tactically~*~*~ (stealth).
 12521 | Lair:5   | 12521 ||| Stepping ~*~*~tactically~*~*~ (stealth).
 12557 | Lair:5   | 12557 ||| INVOKING Heroism.
 12558 | Lair:5   | 12558 ||| INVOKING Finesse.
 12566 | Lair:5   | 12566 ||| SWAPPING to +4 flail.
 12569 | Lair:5   | 12569 ||| Stepping ~*~*~tactically~*~*~ (outnumbered).
 12570 | Lair:5   | 12570 ||| Stepping ~*~*~tactically~*~*~ (outnumbered).
 12571 | Lair:5   | 12571 ||| Stepping ~*~*~tactically~*~*~ (outnumbered).
 12572 | Lair:5   | 12572 ||| Stepping ~*~*~tactically~*~*~ (outnumbered).
 12573 | Lair:5   | 12573 ||| Stepping ~*~*~tactically~*~*~ (outnumbered).
 12574 | Lair:5   | 12574 ||| Stepping ~*~*~tactically~*~*~ (outnumbered).
 12575 | Lair:5   | 12575 ||| Stepping ~*~*~tactically~*~*~ (outnumbered).
 12576 | Lair:5   | 12576 ||| Stepping ~*~*~tactically~*~*~ (outnumbered).
 12577 | Lair:5   | 12577 ||| Stepping ~*~*~tactically~*~*~ (outnumbered).
 12578 | Lair:5   | 12578 ||| Stepping ~*~*~tactically~*~*~ (stealth).
 12579 | Lair:5   | 12579 ||| Stepping ~*~*~tactically~*~*~ (stealth).
 12580 | Lair:5   | 12580 ||| Stepping ~*~*~tactically~*~*~ (stealth).
 12581 | Lair:5   | 12581 ||| Stepping ~*~*~tactically~*~*~ (outnumbered).
 12582 | Lair:5   | 12582 ||| Stepping ~*~*~tactically~*~*~ (outnumbered).
 12586 | Lair:5   | 12586 ||| Stepping ~*~*~tactically~*~*~ (outnumbered).
 12588 | Lair:5   | 12588 ||| SWAPPING to +7 war axe of electrocution.
 12589 | Lair:5   | 12589 ||| INVOKING Heroism.
 12590 | Lair:5   | 12590 ||| SWAPPING to +4 flail.
 12594 | Lair:5   | 12594 ||| Stepping ~*~*~tactically~*~*~ (outnumbered).
 12594 | Lair:5   | HP: 13/82 [death yak (17)]
 12595 | Lair:5   | 12595 ||| READING 3 scrolls of teleportation.
 12596 | Lair:5   | 12596 ||| DRINKING 2 potions of heal wounds.
 12597 | Lair:5   | 12597 ||| DRINKING potion of heal wounds.
 12598 | Lair:5   | 12598 ||| Stepping ~*~*~tactically~*~*~ (outnumbered).
 12599 | Lair:5   | 12599 ||| Stepping ~*~*~tactically~*~*~ (outnumbered).
 12600 | Lair:5   | 12600 ||| SWAPPING to +7 war axe of electrocution.
 12604 | Lair:5   | 12604 ||| Stepping ~*~*~tactically~*~*~ (hiding).
 12608 | Lair:5   | 12608 ||| Stepping ~*~*~tactically~*~*~ (hiding).
 12764 | Lair:5   | Found a runed translucent door.
 12764 | Lair:5   | Found a viscous altar of Jiyva.
 12764 | Lair:5   | Found a staircase to the Slime Pits.
 12764 | Lair:5   | Noticed an acid blob
 12764 | Lair:5   | Noticed an acid blob
 12768 | Lair:5   | 12768 ||| Stepping ~*~*~tactically~*~*~ (stealth).
 12775 | Lair:5   | 12775 ||| Stepping ~*~*~tactically~*~*~ (stealth).
 12777 | Lair:5   | 12777 ||| INVOKING Heroism.
 12778 | Lair:5   | 12778 ||| Stepping ~*~*~tactically~*~*~ (stealth).
 12779 | Lair:5   | 12779 ||| INVOKING Finesse.
 12791 | Lair:5   | Reached skill level 14 in Axes
 12882 | Lair:5   | 12882 ||| INVOKING Heroism.
 12885 | Lair:5   | Gained mutation: Your large and strong wings let you fly.
                  | [Gargoyle growth]
 12885 | Lair:5   | Reached XP level 14. HP: 90/90 MP: 18/21
 12891 | Lair:5   | Received a gift from Okawaru
 12980 | Lair:5   | 12980 ||| Stepping ~*~*~tactically~*~*~ (stealth).
 13032 | Lair:5   | 13032 ||| INVOKING Heroism.
 13033 | Lair:5   | 13033 ||| Stepping ~*~*~tactically~*~*~ (stealth).
 13034 | Lair:5   | 13034 ||| INVOKING Finesse.
 13039 | Lair:5   | 13039 ||| SWAPPING to +4 flail.
 13063 | Lair:5   | Reached skill level 12 in Shields
 13063 | Lair:5   | 13063 ||| SWAPPING to +7 war axe of electrocution.
 13089 | Lair:5   | 13089 ||| INVOKING Heroism.
 13138 | Lair:5   | 13138 ||| FLEEEEING.
 13139 | Lair:5   | 13139 ||| FLEEEEING.
 13142 | Lair:5   | 13142 ||| FLEEEEING.
 13143 | Lair:5   | 13143 ||| FLEEEEING.
 13144 | Lair:5   | 13144 ||| FLEEEEING.
 13145 | Lair:5   | 13145 ||| FLEEEEING.
 13283 | Lair:5   | 13283 ||| INVOKING Heroism.
 13284 | Lair:5   | 13284 ||| INVOKING Finesse.
 13286 | Lair:5   | 13286 ||| SWAPPING to +4 flail.
 13294 | Lair:5   | 13294 ||| SWAPPING to +7 war axe of electrocution.
 13327 | Lair:5   | 13327 ||| Stepping ~*~*~tactically~*~*~ (stealth).
 13337 | Lair:5   | 13337 ||| Stepping ~*~*~tactically~*~*~ (stealth).
 13343 | Lair:5   | 13343 ||| Stepping ~*~*~tactically~*~*~ (stealth).
 13355 | Lair:5   | 13355 ||| Stepping ~*~*~tactically~*~*~ (stealth).
 13423 | Lair:5   | 13423 ||| READING scroll of enchant armour.
 13423 | Lair:5   | 13423 ||| ENCHANTING +1 helmet.
 13445 | Lair:5   | 13445 ||| INVOKING Heroism.
 13658 | Lair:5   | 13658 ||| Stepping ~*~*~tactically~*~*~ (stealth).
 13660 | Lair:5   | 13660 ||| Stepping ~*~*~tactically~*~*~ (stealth).
 13662 | Lair:5   | 13662 ||| Stepping ~*~*~tactically~*~*~ (stealth).
 13665 | Lair:5   | 13665 ||| INVOKING Heroism.
 13669 | Lair:5   | 13669 ||| Stepping ~*~*~tactically~*~*~ (stealth).
 13672 | Lair:5   | Reached skill level 15 in Axes
 13700 | Lair:5   | 13700 ||| READING scroll of brand weapon.
 13700 | Lair:5   | 13700 ||| BRANDING +7 war axe of electrocution.
 13701 | Lair:5   | 13701 ||| SWAPPING to +1 broad axe of holy wrath.
 13702 | Lair:5   | 13702 ||| DROPPING +7 war axe of freezing.
 13720 | Lair:5   | 13720 ||| INVOKING Finesse.
 13724 | Lair:5   | 13724 ||| SWAPPING to +4 flail.
 13729 | Lair:5   | 13729 ||| SWAPPING to +1 broad axe of holy wrath.
 13801 | Lair:5   | 13801 ||| Stepping ~*~*~tactically~*~*~ (stealth).
 13951 | Lair:5   | Reached skill level 9 in Armour
 14123 | Lair:5   | 14123 ||| Stepping ~*~*~tactically~*~*~ (hiding).
 14124 | Lair:5   | 14124 ||| Stepping ~*~*~tactically~*~*~ (hiding).
 14125 | Lair:5   | 14125 ||| Stepping ~*~*~tactically~*~*~ (hiding).
 14292 | Lair:5   | 14292 ||| Stepping ~*~*~tactically~*~*~ (stealth).
 14327 | Lair:5   | Noticed a dire elephant
 14328 | Lair:5   | 14328 ||| INVOKING Heroism.
 14348 | Lair:5   | Killed a dire elephant
 14451 | Lair:5   | 14451 ||| Stepping ~*~*~tactically~*~*~ (hiding).
 14492 | Lair:5   | Found a burning altar of Makhleb.
 14493 | Lair:5   | 14493 ||| INVOKING Heroism.
 14508 | Lair:5   | HP: 15/90 [smoke demon/divine providence (16)]
 14509 | Lair:5   | 14509 ||| READING 4 scrolls of teleportation.
 14509 | Lair:5   | HP: 7/90 [sixfirhy (3)]
 14512 | Lair:5   | Annihilated by an ice devil

Levels and vault maps discovered:
D:1:      dpeg_arrival_pits, layout_rooms, serial_shops,
          nicolae_shop_waterfront, ebering_ecumenical_altar_box,
          serial_bayou_ford_a
D:2:      cheibrodos_pilgrimage, layout_rooms, uniq_natasha
D:3:      layout_rooms, uniq_grinder
D:4:      layout_basic, minmay_temple_entry_hall, enter_ossuary_4,
          hellmonk_ghost_happy_afterlife, kennysheep_path_1
D:5:      layout_basic
D:6:      layout_basic
D:7:      layout_rooms, hangedman_decor_growths
D:8:      layout_cave_pods, okawaru_humans, grunt_lair_entry_orc_guard_hut,
          minmay_hedge_maze
Temple:   nicolae_temple_bog_church
Lair:1:   layout_concentric_octagons, portal_ice_cave_rime
Lair:2:   beast_lair_carwin_large_3, layout_chaotic_city,
          infiniplex_staircase_pool, grunt_megastairs_5
Lair:3:   layout_gridlike, nicolae_swamp_entry_splash_gauntlet,
          dummy_snake_entry, lemuel_fruit_tree, lemuel_fruit_fields
Lair:4:   layout_gridlike, uniq_nessos
Lair:5:   evil_forest, layout_cave_pods, slime_entry_2,
          hangedman_lair_generics_rect, serial_bayou_shore_b

Skill      XL: |  1  2  3  4  5  6  7  8  9 10 11 12 13 14 |
---------------+-------------------------------------------+-----
Axes           | 2 3 4 5 7 9 10 11 12 14 15 | 15.0
Fighting       | 4 5 6 8 9 10 11 | 11.3
Dodging        | 2 3 4 5 |  5.0
Throwing       | 1 2 |  2.0
Shields        | 6 8 9 10 11 12 | 12.1
Armour         | 4 5 6 7 8 9 |  9.0
Invocations    | 4 6 10 | 10.0

Action                   |  1- 3 |  4- 6 |  7- 9 | 10-12 | 13-15 || total
-------------------------+-------+-------+-------+-------+-------++-------
Melee: War axe           |    60 |    85 |   269 |   402 |   351 ||  1167
       Flail             |       |       |       |     9 |    56 ||    65
       Broad axe         |       |       |       |       |    92 ||    92
Throw: Boomerang         |       |    48 |    28 |    67 |    37 ||   180
       Javelin           |       |       |    53 |     8 |       ||    61
Invok: Heroism           |       |       |       |    25 |    21 ||    46
       Finesse           |       |       |       |     1 |     8 ||     9
  Use: Scroll            |     4 |     6 |     8 |    10 |     8 ||    36
       Potion            |       |     1 |     8 |       |     3 ||    12
Armor: Scale mail        |    33 |    40 |       |       |       ||    73
       Chain mail        |       |       |   154 |   177 |   185 ||   516
       Ring mail         |       |       |    18 |       |       ||    18
Dodge: Dodged            |    22 |    40 |    83 |   121 |   155 ||   421
       Repelled          |       |       |       |     4 |     6 ||    10
Block: Buckler           |     6 |    13 |    20 |       |       ||    39
       Kite shield       |       |       |    79 |   197 |   384 ||   660
       Reflection        |       |       |       |       |     2 ||     2

Table legend:
 A = Non-vault XP
 B = Vault XP
 C = Vault XP percentage of total XP
 D = Non-vault monster count
 E = Vault monster count
 F = Vault count percentage of total count
                 A         B        C        D         E       F
            +---------+---------+-------+---------+---------+-------
      Total |   59412 |   17220 |  22.5 |     334 |      98 |  22.7
            +---------+---------+-------+---------+---------+-------
        D:1 |      29 |       0 |   0.0 |      16 |       0 |   0.0
        D:2 |     129 |     125 |  49.2 |      21 |       7 |  25.0
        D:3 |      79 |     262 |  76.8 |      22 |       1 |   4.3
        D:4 |     309 |       2 |   0.6 |      15 |       2 |  11.8
        D:5 |     774 |       0 |   0.0 |      14 |       0 |   0.0
        D:6 |    1416 |       0 |   0.0 |      26 |       0 |   0.0
        D:7 |    1329 |       0 |   0.0 |      21 |       0 |   0.0
        D:8 |    1239 |     837 |  40.3 |      40 |       6 |  13.0
     Lair:1 |    9057 |     715 |   7.3 |      33 |       2 |   5.7
     Lair:2 |    3344 |    1939 |  36.7 |      14 |      10 |  41.7
     Lair:3 |    8967 |    1553 |  14.8 |      28 |       4 |  12.5
     Lair:4 |    9365 |    1959 |  17.3 |      29 |       4 |  12.1
     Lair:5 |   23375 |    9610 |  29.1 |      55 |      23 |  29.5
    Ossuary |       0 |     218 | 100.0 |       0 |      39 | 100.0
            +---------+---------+-------+---------+---------+-------
